AoeStats
← Jafarr

Fortress

510191539Analyzed
4v4 RM · 3d ago on Sep 29, 2026· 53m 23s· 8 players
Game mode
Random Map
Map size
Huge
Population
200
Speed
Normal
Resources
Standard
Victory
Conquest
Starting age
Dark Age
Ending age
Imperial Age
RankedLock teamsTeams togetherTeam positionsShared explorationLock speedFull tech treeHidden civsTurbo modeCheats
Victory
Defeat
🇺🇸 Saracens · United States
1490
+8
🇺🇸 Maya · United States
1410
+11
🇺🇸 Khmer · United States
1344
+13
🇦🇹 Chinese · Austria
1338
+13
🇹🇷 Slavs · Türkiye
1357
-15
🇹🇷 Tatars · Türkiye
1266
-10
🇹🇷 Khitans · Türkiye
1263
-10
🇮🇹 Inca · Italy
1255
-10
Hekimoglu
7:16 Feudal Age
8:18 Loom
11:03 Castle Age
9:00 Double-Bit Axe
9:06 Horse Collar
10:35 Gold Mining
12:11 Bow Saw
14:41 Heavy Plow
21:50 Wheelbarrow
22:39 Forging
24:10 Hand Cart
23:40 Town Watch
24:42 Scale Barding Armor
27:35 Imperial Age
27:03 Gold Shaft Mining
26:20 Stone Mining
26:39 Pikeman
27:19 Squires
27:21 Scale Mail Armor
28:20 Iron Casting
29:24 Two-Man Saw
27:48 Halberdier
28:49 Conscription
28:31 Druzhina
28:00 Capped Ram
29:51 Crop Rotation
29:45 Chain Mail Armor
30:31 Blast Furnace
28:56 Siege Ram
29:26 Onager
31:38 Plate Mail Armor
32:59 Chemistry
34:08 Hoardings
33:01 Siege Onager
34:54 Fletching
35:24 Chain Barding Armor
36:01 Siege Engineers
37:43 Town Patrol
39:35 Detinets
39:48 Bodkin Arrow
39:54 Padded Archer Armor
40:07 Masonry
41:33 Caravan
41:22 Man-at-Arms
45:48 Leather Archer Armor
45:46 Fortified Wall
Rudan
7:48 Feudal Age
12:41 Castle Age
11:06 Double-Bit Axe
11:05 Horse Collar
13:51 Bow Saw
15:17 Scale Mail Armor
16:18 Squires
18:31 Forging
19:34 Chain Mail Armor
22:17 Arson
22:48 Loom
23:36 Fletching
25:49 Iron Casting
25:57 Elite Skirmisher
27:28 Bodkin Arrow
28:10 Padded Archer Armor
33:02 Heavy Plow
33:41 Wheelbarrow
36:30 Imperial Age
33:29 Pikeman
36:13 Gold Mining
36:23 Treadmill Crane
38:17 Plate Mail Armor
38:48 Blast Furnace
38:04 Masonry
38:55 Chemistry
38:27 Conscription
38:37 Fabric Shields
38:07 Elite Kamayuk
39:03 Fabric Shields
39:25 Capped Ram
41:05 Hand Cart
40:36 Town Watch
41:50 Siege Ram
41:58 Siege Ram
46:20 Siege Engineers
50:30 Caravan
Sâhibü-s Seyf
7:24 Feudal Age
7:03 Loom
12:11 Castle Age
10:26 Double-Bit Axe
10:46 Domestication
12:20 Wheelbarrow
12:01 Town Watch
23:23 Husbandry
23:33 Scale Barding Armor
26:17 Forging
27:20 Pastoralism
31:21 Fletching
41:31 Scale Mail Armor
EşrefÇift
1:11 Loom
8:20 Feudal Age
12:08 Castle Age
10:23 Double-Bit Axe
10:32 Horse Collar
12:35 Wheelbarrow
13:46 Bow Saw
13:51 Heavy Plow
16:54 Hand Cart
18:54 Stone Mining
21:12 Gold Mining
24:10 Scale Mail Armor
24:32 Pikeman
25:13 Squires
24:59 Arson
29:05 Imperial Age
28:22 Gold Shaft Mining
28:02 Forging
27:43 Fletching
29:59 Iron Casting
29:32 Scale Barding Armor
30:35 Conscription
30:33 Timurid Siegecraft
29:45 Elite Keshik
30:10 Halberdier
31:45 Crop Rotation
31:24 Town Watch
32:02 Chain Barding Armor
32:43 Blast Furnace
31:40 Bodkin Arrow
32:04 Silk Armor
32:10 Padded Archer Armor
34:43 Bloodlines
34:34 Husbandry
33:59 Light Cavalry
35:23 Plate Barding Armor
35:50 Town Patrol
35:53 Bracer
37:08 Hussar
41:05 Ballistics
41:46 Chemistry
40:52 Siege Engineers
40:58 Masonry
44:16 Leather Archer Armor
46:42 Onager
48:52 Ring Archer Armor
[GG] Trollermeister
8:17 Feudal Age
9:16 Double-Bit Axe
12:12 Castle Age
10:27 Horse Collar
12:56 Loom
14:05 Bow Saw
16:53 Wheelbarrow
20:24 Forging
22:40 Iron Casting
22:17 Bloodlines
22:07 Husbandry
23:12 Hand Cart
23:47 Scale Barding Armor
23:52 Gold Mining
23:52 Stone Mining
24:28 Heavy Plow
28:13 Imperial Age
27:37 Gold Shaft Mining
27:35 Chain Barding Armor
29:22 Conscription
30:05 Blast Furnace
29:06 Elite Mameluke
30:23 Plate Barding Armor
30:17 Town Watch
33:46 Fletching
34:57 Chemistry
34:18 Ballistics
34:08 Masonry
34:04 Siege Engineers
34:05 Caravan
37:44 Coinage
40:02 Hoardings
39:42 Fortified Wall
40:35 Bodkin Arrow
40:12 Onager
45:57 Murder Holes
53:23 Two-Man Saw
53:01 Bracer
53:59 Fervor
Jafarr
7:02 Feudal Age
10:56 Castle Age
9:05 Double-Bit Axe
9:10 Horse Collar
12:30 Bow Saw
13:08 Heavy Plow
15:45 Wheelbarrow
18:23 Fletching
19:39 Hand Cart
19:11 Loom
20:31 Gold Mining
22:31 Bodkin Arrow
25:59 Imperial Age
23:35 Stone Mining
24:15 Ballistics
25:04 Padded Archer Armor
25:40 Murder Holes
25:58 Fortified Wall
26:07 Leather Archer Armor
26:48 Bracer
27:14 Conscription
28:02 Chemistry
27:42 Stone Shaft Mining
27:19 Pikeman
28:00 Squires
27:22 Eagle Warrior
27:49 Elite Plumed Archer
28:34 Arson
28:14 Pikeman
29:10 Halberdier
30:48 Ring Archer Armor
30:47 Scale Mail Armor
30:59 Forging
32:27 Chain Mail Armor
35:35 Plate Mail Armor
35:47 Elite Eagle Warrior
37:18 Caravan
39:42 Holcans
42:45 Two-Man Saw
42:17 Crop Rotation
47:56 Iron Casting
48:43 Thumb Ring
52:00 Blast Furnace
53:30 Hoardings
Dirty_Squirrel
1:31 Loom
7:57 Feudal Age
11:41 Castle Age
10:50 Double-Bit Axe
11:55 Horse Collar
13:38 Bow Saw
13:46 Heavy Plow
19:00 Fletching
19:43 Loom
22:36 Wheelbarrow
21:59 Bodkin Arrow
22:05 Padded Archer Armor
22:40 Town Watch
29:13 Imperial Age
27:37 Hand Cart
28:06 Gold Mining
28:07 Stone Mining
28:41 Leather Archer Armor
32:55 Gold Shaft Mining
32:55 Stone Shaft Mining
33:23 Chemistry
32:43 Ballistics
32:52 Ballistics
33:55 Elite Chu Ko Nu
34:57 Conscription
35:48 Bracer
36:59 Ring Archer Armor
36:59 Fortified Wall
39:13 Scale Mail Armor
39:24 Forging
39:41 Rocketry
39:28 Great Wall
40:26 Chain Mail Armor
44:06 Murder Holes
44:22 Masonry
46:53 Town Patrol
48:39 Plate Mail Armor
48:45 Iron Casting
47:57 Capped Ram
52:54 Siege Ram
Mickie | Moose
7:25 Feudal Age
11:01 Castle Age
9:00 Double-Bit Axe
9:05 Horse Collar
12:05 Bow Saw
14:44 Wheelbarrow
13:55 Town Watch
15:35 Heavy Plow
22:38 Imperial Age
20:27 Hand Cart
20:44 Loom
22:45 Heavy Scorpion
28:34 Chemistry
28:58 Double Crossbow
29:05 Tusk Swords
29:15 Scale Barding Armor
30:17 Chain Barding Armor
30:19 Elite Battle Elephant
30:57 Fletching
32:06 Fortified Wall
35:07 Crop Rotation
37:57 Plate Barding Armor
38:37 Husbandry
38:54 Forging
39:11 Bloodlines
41:21 Iron Casting
42:00 Caravan
44:42 Blast Furnace
43:50 Siege Engineers
44:58 Gold Mining
48:26 Scale Mail Armor
50:28 Gold Shaft Mining
50:34 Conscription
50:22 Capped Ram
51:37 Siege Ram
Connection lost

Rejoining the realm…

Still unreachable

The connection could not be restored.

Session expired

The server has moved on; the page needs a fresh start.